 Dungeon Crawl Stone Soup version 0.29-a0-845-g6161e89988 (webtiles) character file.

Game seed: 8122097657593639419

32883 Armakuni the Deadly Accurate (level 14, -10/121 HPs)
             Began as a Meteoran Transmuter on July 15, 2022.
             Was an Elder of Elyvilon.
             Mangled by a salamander
             ... wielding a +1 trident
              (13 damage)
             ... in a volcano.
             The game lasted 00:37:45 (11062 turns).

Armakuni the Deadly Accurate (Meteoran Transmuter) Turns: 11062, Time: 00:37:46

Health: -10/121    AC: 10    Str: 26    XL:     14   Next: 37%
Magic:  13/19      EV: 17    Int: 19    God:    Elyvilon [****..]
Gold:   976        SH:  0    Dex: 16    Spells: 8/18 levels left

rFire   . . .      SeeInvis +   a - +4 flail (venom)
rCold   . . .      Faith    .   (no shield)
rNeg    . . .      Spirit   .   m - +0 troll leather armour {Pargi}
rPois   .          Reflect  .   U - +0 hat of Bitterness {Contam Dex+2 Slay+5 SInv}
rElec   .          Harm     .   G - +0 cloak
rCorr   .          Rampage  .   N - +0 pair of gloves
Will    +....                   z - +0 pair of boots
Stlth   +.........              R - amulet of regeneration
HPRegen 1.90/turn               V - +6 ring of strength
MPRegen 0.16/turn               S - +6 ring of strength

@: glowing
A: sense surroundings 2, otherworldly, glowing, explore regen
a: Renounce Religion, Purification, Heal Other, Heal Self


You were in a volcano.
You worshipped Elyvilon.
Elyvilon was greatly pleased with you.
You visited 3 branches of the dungeon, and saw 17 of its levels.
You also visited: Sewer and Volcano.

You collected 1072 gold pieces.
You spent 96 gold pieces at shops.

Inventory:

Hand Weapons
 a - a +4 flail of venom (weapon)
 q - a +2 demon whip
Missiles
 u - a curare-tipped dart
 P - 32 boomerangs (quivered)
 Q - 2 silver boomerangs
Armour
 m - a +0 troll leather armour (worn) {Pargi}
 z - a +0 pair of boots (worn)
 F - a +2 scale mail of poison resistance
 G - a +0 cloak (worn)
 N - a +0 pair of gloves (worn)
 U - the +0 hat of Bitterness (worn) {Contam Dex+2 Slay+5 SInv}
   (You found it on level 3 of the Lair of Beasts)

   Dex:       It affects your dexterity (+2).
   Slay:      It affects your accuracy & damage with ranged weapons and melee
   (+5).
   SInv:      It lets you see invisible.
   Contam:    It causes magical contamination when unequipped.
Jewellery
 E - a ring of see invisible
 J - a ring of protection from cold
 L - a ring of flight
 O - an amulet of magic regeneration
 R - an amulet of regeneration (around neck)
 S - a +6 ring of strength (right hand)
 V - a +6 ring of strength (left hand)
Wands
 l - a wand of paralysis (8)
 p - a wand of polymorph (3)
 r - a wand of roots (9)
 v - a wand of flame (27)
Scrolls
 d - a scroll of vulnerability
 e - 3 scrolls of fog
 h - a scroll of noise
 j - a scroll of magic mapping
 w - 2 scrolls of silence
 x - 2 scrolls of poison
 y - a scroll of amnesia
 H - a scroll of immolation
 I - 2 scrolls of enchant armour
 M - a scroll of identify
 T - 2 scrolls of teleportation
Potions
 b - 2 potions of resistance {unknown}
 f - 4 potions of cancellation
 g - 2 potions of brilliance
 i - 5 potions of curing
 k - 4 potions of might
 n - 5 potions of lignification
 o - 2 potions of haste
 A - 4 potions of heal wounds
 B - 2 potions of invisibility
 C - 2 potions of mutation
 K - 10 potions of ambrosia
Miscellaneous
 t - a tin of tremorstones (inert)


   Skills:
 - Level 10.0 Fighting
 - Level 14.0 Maces & Flails
 - Level 17.0 Throwing
 - Level 10.0 Armour
 - Level 10.0 Dodging
 - Level 3.6 Unarmed Combat
 - Level 2.6 Spellcasting
 - Level 5.6 Conjurations
 - Level 2.6 Transmutations
 - Level 5.6 Fire Magic
 - Level 2.0 Invocations
 + Level 6.2 Evocations


You had 8 spell levels left.
You knew the following spells:

 Your Spells              Type           Power      Damage    Failure   Level
a - Wereblood             Tmut           12%        N/A       9%          2
b - Searing Ray           Conj           48%        2d6       2%          2
s - Sticky Flame          Conj/Fire      24%        2d5       17%         4
w - Passwall              Tmut/Erth      5%         N/A       16%         2

Your spell library contained the following spells:

 Spells                   Type           Power      Damage    Failure   Level
 Magic Dart               Conj           96%        1d7       1%          1
 Conjure Flame            Conj/Fire      24%        6-21      4%          3
 Beastly Appendage        Tmut           24%        N/A       6%          1
 Ignite Poison            Fire/Tmut/Pois 13%        N/A       17%         3
 Ensorcelled Hibernation  Hex/Ice        4%         N/A       26%         2
 Spider Form              Tmut/Pois      7%         N/A       30%         3
 Gell's Gravitas          Tloc           2%         N/A       45%         3
 Lesser Beckoning         Tloc           2%         N/A       45%         3
 Summon Guardian Golem    Hex/Summ       2%         N/A       45%         3
 Swiftness                Air            2%         N/A       45%         3
 Teleport Other           Tloc           2%         N/A       45%         3
 Fulminant Prism          Conj/Hex       6%         3d7       47%         4
 Ice Form                 Ice/Tmut       7%         N/A       69%         4
 Petrify                  Tmut/Erth      7%         N/A       69%         4
 Anguish                  Hex/Necr       1%         N/A       86%         4
 Summon Ice Beast         Ice/Summ       2%         N/A       86%         4
 Metabolic Englaciation   Hex/Ice        1%         N/A       99%         5
 Summon Mana Viper        Hex/Summ       2%         N/A       99%         5
 Statue Form              Tmut/Erth      4%         N/A       100%        6
 Enfeeble                 Hex            1%         N/A       100%        7
 Monstrous Menagerie      Summ           1%         N/A       100%        7
 Orb of Destruction       Conj           12%        9d7       100%        7
 Spellforged Servitor     Conj/Summ      6%         N/A       100%        7


Dungeon Overview and Level Annotations

Branches:
Dungeon (12/15) Zot: 140   Temple (1/1) D:5 Zot: 576    Lair (4/6) D:9 Zot: 331
 Shoals (0/4) Lair:4       Spider (0/4) Lair:2          Orc (0/2) D:10
  Sewer (visited)         Volcano (1/1) Zot: 484

Altars:
Ashenzari
Cheibriados
Dithmenos
Elyvilon
Fedhas
Gozag
Hepliaklqana
Kikubaaqudgha
Makhleb
Nemelex Xobeh
Okawaru
Qazlal
Ru
Sif Muna
Trog
Uskayaw
Vehumet
Wu Jian
Xom
Yredelemnul
Zin
The Shining One
Jiyva

Shops:
D:7 !

Annotations:
D:4 1 runed translucent door, Crazy Yiuf
D:11 2 runed translucent doors
Lair:2 1 runed translucent door, Nomaith's ghost, journeyman TeAE


Innate Abilities, Weirdness & Mutations

You passively map the area around you.
You are easily found by Zot.
You glow in the dark.
You regain HP and MP as you explore.


Message History

* * * LOW HITPOINT WARNING * * *
You are engulfed in flames!
* * * LOW HITPOINT WARNING * * *
The salamander hits you from afar with a +1 trident!
* * * LOW HITPOINT WARNING * * *
You are engulfed in flames!
* * * LOW HITPOINT WARNING * * *
You are healed.
You are engulfed in a cloud of scalding steam.
* * * LOW HITPOINT WARNING * * *
The plant is engulfed in a cloud of scalding steam.
The steam dragon closely misses you.
The steam dragon claws you but does no damage.
The salamander barely misses you.
Okay, then.
You are healed.
You are engulfed in a cloud of scalding steam.
The steam dragon closely misses you.
The steam dragon claws you but does no damage.
The ogre is engulfed in a cloud of scalding steam.
The salamander hits you from afar with a +1 trident!
* * * LOW HITPOINT WARNING * * *
You are engulfed in flames!
* * * LOW HITPOINT WARNING * * *
You hear an angry hiss.
You are healed.
You kill the fire bat!
A nearby plant withers and dies.
The steam dragon closely misses you.
The steam dragon claws you but does no damage.
The salamander hits you from afar with a +1 trident!
* * * LOW HITPOINT WARNING * * *
You are engulfed in flames!
* * * LOW HITPOINT WARNING * * *
You fail to use your ability.
The steam dragon breathes steam at you. The ball of steam hits you!
* * * LOW HITPOINT WARNING * * *
The ball of steam hits the plant!
The plant begins to die.
The salamander hits you from afar with a +1 trident!
You die...

≈ ,,
♣≈≈§§≈P...≈≈♣♣♣.♣.P..
≈
,♣§≈≈≈♣...♣§≈♣P..)P♣..
≈ ≈≈≈,
♣≈≈≈≈P....≈≈♣♣..♣♣♣♣.
, ♣°≈≈≈....§≈♣♣.♣♣♣ ##
* ♣≈≈≈♣♣...§§♣..♣≈ # ,
, ≈, ,
♣♣§§♣♣..P≈≈≈♣.♣♣ * ,
♣♣§§§§§N♣♣≈≈♣♣.P♣ ≈ **
* ,,
♣≈≈§≈D♣D.§≈≈♣P..♣♣ ≈ ,
≈≈≈≈♣.@..§≈§♣.P.P♣ ≈≈*
≈≈ ≈
≈≈≈≈§♣♣P...§≈°♣♣..P♣ *
≈ ≈≈○§
♣§...♣§≈≈≈♣♣..♣≈≈ ≈
♣P.♣.♣≈§§≈≈♣P.♣♣ ≈≈
♣♣.P.♣P≈≈≈≈♣P)P♣ *,
♣♣...PP.≈≈♣♣.♣♣≈ * ,,
≈ ≈ ♣)..P...P♣♣..♣ ≈
♣P.♣.....♣♣..♣ * ≈
♣...P♣P...♣..♣ **


You could see a salamander and 2 steam dragons.

Vanquished Creatures
  The ghost of Qenutwie the Cleaver, a journeyman HOCA of Ignis (Lair:3)
  Fannar (Lair:1)
  2 boulder beetles
  2 centaur warriors (D:11)
  A two-headed ogre (D:11)
  Amaemon (D:9)
  2 wizards (D:11)
  A deep elf pyromancer (D:11)
  A wolf spider (Lair:2)
  2 manticores (D:11)
  A salamander (Volcano)
  Maurice (D:10)
  3 black mambas
  An orange demon (D:9)
  8 cane toads
  A kobold demonologist (D:9)
  6 komodo dragons
  A yaktaur (D:11)
  A freezing wraith (D:11)
  A queen bee (D:9)
  3 trolls
  2 hornets (D:11)
  A polar bear (Lair:3)
  5 blink frogs (Lair:4)
  3 slime creatures (Lair:3)
  2 jumping spiders (Lair:2)
  A wraith (D:9)
  24 yaks
  A culicivora (Lair:2)
  A fire bat (Volcano)
  2 vampires
  6 wyverns
  3 basilisks
  3 steam dragons
  8 water moccasins
  An acid dragon (D:10)
  Pargi (Sewer)
  4 orc warriors
  A sky beast (D:7)
  An ice beast (D:6)
  3 black bears
  13 wolves
  3 ogres
  8 centaurs
  7 kobold brigands
  2 phantoms
  12 bullfrogs
  2 gnoll sergeants
  A scorpion (D:6)
  52 killer bees
  6 howler monkeys
  An electric eel (Lair:3)
  2 hounds
  9 orc priests
  2 jellies
  2 gnoll boudas (D:4)
  6 iguanas
  Jessica (D:3)
  12 orc wizards
  Natasha (twice) (D:3)
  Robin (D:4)
  27 gnolls
  9 adders
  A river rat (D:4)
  2 shadow imps
  2 ufetubi (D:7)
  2 worms (D:4)
  3 dart slugs
  73 orcs
  12 endoplasms
  2 giant cockroaches
  13 hobgoblins
  3 jackals (D:3)
  21 kobolds
  A quokka (D:3)
  11 ball pythons
  14 bats
  2 frilled lizards
  24 goblins
  4 rats
484 creatures vanquished.

Vanquished Creatures (collateral kills)
  A cane toad (Lair:1)
  2 yaks (Lair:1)
3 creatures vanquished.

Vanquished Creatures (others)
  A killer bee (D:9)
  A bush (D:2)
  11 fungi
  74 plants
87 creatures vanquished.

Grand Total: 574 creatures vanquished

Notes
Turn   | Place    | Note
-------+----------+-------------------------------------------
     0 | D:1      | Armakuni the Meteoran Transmuter began the quest for the
                  | Orb.
     0 | D:1      | Reached XP level 1. HP: 16/16 MP: 5/5
   103 | D:1      | Reached XP level 2. HP: 24/24 MP: 4/6
   226 | D:1      | Reached XP level 3. HP: 30/30 MP: 8/8
   415 | D:1      | Found a faded altar of an unknown god.
   770 | D:2      | Reached XP level 4. HP: 27/40 MP: 9/9
   778 | D:2      | Learned a level 2 spell: Wereblood
   933 | D:2      | Reached XP level 5. HP: 23/47 MP: 8/10
   938 | D:2      | Reached skill level 5 in Fighting
  1137 | D:2      | Learned a level 2 spell: Passwall
  1202 | D:2      | Reached skill level 1 in Maces & Flails
  1293 | D:3      | Noticed Jessica
  1301 | D:3      | Killed Jessica
  1302 | D:3      | Reached XP level 6. HP: 56/56 MP: 11/11
  1615 | D:3      | Noticed Natasha
  1622 | D:3      | Killed Natasha
  1626 | D:3      | Learned a level 2 spell: Searing Ray
  1651 | D:5      | Entered Level 5 of the Dungeon
  1665 | D:4      | Found a glowing drain.
  1666 | D:4      | Found a shimmering blue altar of Sif Muna.
  1666 | D:4      | Found a white marble altar of Elyvilon.
  1666 | D:4      | Found a blossoming altar of Fedhas.
  1666 | D:4      | Found a sacrificial altar of Ru.
  1666 | D:4      | Found a stormy altar of Qazlal.
  1666 | D:4      | Found a radiant altar of Vehumet.
  1666 | D:4      | Found an ornate altar of the Wu Jian Council.
  1666 | D:4      | Found a sparkling altar of Nemelex Xobeh.
  1666 | D:4      | Found a hide-covered altar of Uskayaw.
  1666 | D:4      | Found a burning altar of Makhleb.
  1666 | D:4      | Found a bloodstained altar of Trog.
  1666 | D:4      | Found a broken altar of Ashenzari.
  1666 | D:4      | Found an opulent altar of Gozag.
  1666 | D:4      | Found a glowing golden altar of the Shining One.
  1666 | D:4      | Noticed Robin
  1695 | D:4      | Killed Robin
  1727 | D:4      | Became a worshipper of Elyvilon the Healer
  1756 | D:4      | Identified the +4 sling "Iresoumyi" {vorpal, rN+ Will++}
  1768 | D:4      | Reached skill level 5 in Maces & Flails
  1826 | D:4      | Reached XP level 7. HP: 60/61 MP: 12/12
  1840 | Sewer    | Entered a sewer
  1868 | Sewer    | Noticed Pargi
  1876 | Sewer    | Killed Pargi
  2253 | D:4      | Reached skill level 1 in Invocations
  2333 | D:4      | Found a runed translucent door.
  2334 | D:4      | Noticed Crazy Yiuf
  2463 | D:4      | Reached XP level 8. HP: 68/68 MP: 13/13
  2533 | D:3      | Reached * piety under Elyvilon
  2657 | D:3      | Noticed Natasha
  2836 | D:3      | Killed Natasha
  2965 | D:4      | HP: 2/68 [poisoned by a gnoll]
  2989 | D:4      | Glimpsed the power of Zot.
  3040 | D:5      | Glimpsed the power of Zot.
  3082 | D:5      | Glimpsed the power of Zot.
  3093 | D:5      | Touched by the power of Zot.
  3106 | D:5      | HP: 3/68 [gnoll/+0 halberd (10)]
  3183 | D:5      | Found a staircase to the Ecumenical Temple.
  3190 | Temple   | Entered the Ecumenical Temple
  3220 | D:5      | Glimpsed the power of Zot.
  3250 | D:5      | Reached skill level 10 in Maces & Flails
  3272 | D:5      | Glimpsed the power of Zot.
  3313 | D:5      | Glimpsed the power of Zot.
  3322 | D:5      | Touched by the power of Zot.
  3323 | D:5      | Noticed a troll
  3334 | D:5      | HP: 2/68 [troll (9)]
  3336 | D:5      | Killed a troll
  3337 | D:5      | Gained mutation: You passively map the area around you.
                  | [Meteoran growth]
  3337 | D:5      | Reached XP level 9. HP: 6/74 MP: 14/14
  3426 | D:5      | Glimpsed the power of Zot.
  3476 | D:5      | Glimpsed the power of Zot.
  3517 | D:5      | Glimpsed the power of Zot.
  3527 | D:5      | Touched by the power of Zot.
  3628 | D:5      | Glimpsed the power of Zot.
  3678 | D:5      | Glimpsed the power of Zot.
  3700 | D:6      | Reached ** piety under Elyvilon
  4348 | D:7      | Reached XP level 10. HP: 82/82 MP: 15/15
  4526 | D:7      | Found Lomistres's Distillery.
  4529 | D:7      | Bought a potion of heal wounds for 60 gold pieces
  4529 | D:7      | Bought a potion of attraction for 36 gold pieces
  4880 | D:7      | Glimpsed the power of Zot.
  4995 | D:8      | Reached skill level 1 in Evocations
  5720 | D:9      | Found a staircase to the Lair.
  5720 | D:9      | Noticed a komodo dragon
  5732 | D:9      | Reached skill level 5 in Evocations
  5757 | D:9      | Killed a komodo dragon
  5758 | D:9      | Reached skill level 10 in Fighting
  5758 | D:9      | Reached skill level 1 in Armour
  5758 | D:9      | Reached XP level 11. HP: 73/99 MP: 16/16
  5865 | D:9      | Reached skill level 5 in Dodging
  5873 | D:9      | Noticed Amaemon
  5943 | D:9      | Killed Amaemon
  5944 | D:9      | Reached skill level 5 in Armour
  6150 | D:9      | Glimpsed the power of Zot.
  6203 | D:9      | Glimpsed the power of Zot.
  6243 | D:9      | Glimpsed the power of Zot.
  6253 | D:9      | Touched by the power of Zot.
  6355 | D:9      | Glimpsed the power of Zot.
  6405 | D:9      | Glimpsed the power of Zot.
  6445 | D:9      | Glimpsed the power of Zot.
  6455 | D:9      | Touched by the power of Zot.
  6478 | D:10     | Entered Level 10 of the Dungeon
  6650 | D:10     | Noticed Maurice
  6663 | D:10     | Killed Maurice
  6962 | D:10     | Reached *** piety under Elyvilon
  7015 | D:10     | Learned a level 4 spell: Sticky Flame
  7062 | D:10     | Found a staircase to the Orcish Mines.
  7184 | D:10     | Glimpsed the power of Zot.
  7232 | D:11     | Noticed a two-headed ogre
  7240 | D:11     | Killed a two-headed ogre
  7241 | D:11     | Reached XP level 12. HP: 96/106 MP: 17/17
  7283 | D:11     | Noticed a boulder beetle
  7296 | D:11     | Killed a boulder beetle
  7348 | D:11     | Found a runed translucent door.
  7348 | D:11     | Found a runed translucent door.
  7348 | D:11     | Noticed a centaur warrior
  7682 | D:11     | Paralysed by a hornet for 1 turns
  7784 | D:11     | Glimpsed the power of Zot.
  7834 | D:11     | Glimpsed the power of Zot.
  7918 | D:11     | Noticed a centaur warrior
  7918 | D:11     | Noticed a centaur warrior
  7918 | D:11     | Noticed a wizard
  7918 | D:11     | Noticed a wizard
  7918 | D:11     | Noticed a deep elf pyromancer
  7926 | D:11     | Killed a wizard
  7932 | D:11     | Killed a centaur warrior
  7933 | D:11     | Reached skill level 10 in Armour
  7933 | D:11     | Reached skill level 10 in Dodging
  7943 | D:11     | Reached skill level 1 in Conjurations
  7943 | D:11     | Reached skill level 1 in Fire Magic
  7955 | D:11     | Killed a wizard
  7960 | D:11     | Killed a centaur warrior
  7973 | D:11     | Killed a deep elf pyromancer
  8397 | D:4      | Glimpsed the power of Zot.
  8447 | D:5      | Glimpsed the power of Zot.
  8486 | D:7      | Glimpsed the power of Zot.
  8495 | D:8      | Touched by the power of Zot.
  8535 | D:9      | Reached skill level 2 in Throwing
  8558 | Lair:1   | Entered Level 1 of the Lair of Beasts
  8630 | Lair:1   | Reached skill level 3 in Throwing
  8646 | Lair:1   | Reached skill level 4 in Throwing
  8730 | Lair:1   | Reached skill level 5 in Throwing
  8730 | Lair:1   | Reached XP level 13. HP: 111/113 MP: 18/18
  8757 | Lair:1   | Noticed Fannar
  8777 | Lair:1   | Killed Fannar
  8778 | Lair:1   | Reached skill level 6 in Throwing
  8781 | Lair:1   | Reached skill level 7 in Throwing
  8844 | Lair:1   | Reached skill level 8 in Throwing
  8927 | Lair:1   | Reached skill level 9 in Throwing
  9001 | Lair:1   | Reached skill level 10 in Throwing
  9008 | Lair:1   | Reached skill level 11 in Throwing
  9047 | Lair:1   | Reached **** piety under Elyvilon
  9094 | Lair:1   | Glimpsed the power of Zot.
  9097 | Lair:1   | Found an opulent altar of Gozag.
  9377 | Lair:2   | Reached skill level 12 in Throwing
  9412 | Lair:2   | Found a runed translucent door.
  9414 | Lair:2   | Found a shimmering altar of Xom.
  9414 | Lair:2   | Noticed Nomaith's ghost (journeyman TeAE)
  9468 | Lair:2   | Reached skill level 13 in Throwing
  9564 | Lair:2   | Reached skill level 14 in Throwing
  9634 | Lair:2   | Found a hole to the Spider Nest.
  9644 | Lair:2   | Reached skill level 15 in Throwing
  9723 | Lair:2   | Glimpsed the power of Zot.
  9770 | Lair:2   | Noticed a boulder beetle
  9779 | Lair:2   | Glimpsed the power of Zot.
  9790 | Lair:2   | Killed a boulder beetle
  9821 | Lair:2   | Glimpsed the power of Zot.
  9831 | Lair:2   | Touched by the power of Zot.
  9933 | Lair:2   | Glimpsed the power of Zot.
  9966 | Lair:3   | Reached skill level 16 in Throwing
 10131 | Lair:3   | Reached XP level 14. HP: 120/121 MP: 19/19
 10287 | Lair:3   | Found a runed translucent gate.
 10287 | Lair:3   | Found a runed translucent gate.
 10287 | Lair:3   | Found a runed translucent gate.
 10288 | Lair:3   | Found a viscous altar of Jiyva.
 10288 | Lair:3   | Noticed Qenutwie's ghost (journeyman HOCA)
 10440 | Lair:3   | Reached skill level 17 in Throwing
 10443 | Lair:3   | Identified the +2 robe of the Heavens {Stlth+}
 10575 | Lair:3   | Glimpsed the power of Zot.
 10625 | Lair:3   | Glimpsed the power of Zot.
 10794 | Lair:3   | Reached skill level 5 in Conjurations
 10794 | Lair:3   | Reached skill level 5 in Fire Magic
 10808 | Lair:3   | Killed Qenutwie's ghost
 10858 | Lair:3   | Identified the +10 sling of the Living Dead {freeze, Int+4}
 10864 | Lair:3   | Identified the +0 hat of Bitterness {Contam Dex+2 Slay+5
                  | SInv}
 10933 | Lair:4   | Found a dark tunnel.
 10938 | Volcano  | Entered a volcano
 11058 | Volcano  | HP: 1/121 [salamander/+1 trident (11)]
 11062 | Volcano  | Mangled by a salamander

Illustrated notes

Levels and vault maps discovered:
D:1:      dpeg_arrival_rhombi, layout_loops_ring,
          hellmonk_ecumenical_altar_arch_garden,
          wander_ebering_terrifying_dragon_lair
D:2:      cheibrodos_pilgrimage, layout_loops_ring, serial_forest,
          infiniplex_forest_clump_small, infiniplex_forest_clump_double,
          infiniplex_forest_straight_2, infiniplex_forest_clump_tiny,
          infiniplex_forest_clump_cross, infiniplex_forest_end_1,
          infiniplex_forest_clump_long
D:3:      layout_rooms, uniq_natasha, uniq_jessica
D:4:      corexii_shantytown, layout_rooms, nicolae_overflows_in_rows,
          portal_sewer_entry_c, uniq_crazy_yiuf_cottage, uniq_robin
D:5:      layout_basic, minmay_temple_entry_ruins
D:6:      layout_loops_cross
D:7:      layout_rooms, serial_shops, kennysheep_mini, kennysheep_path_1
D:8:      layout_rooms, kennysheep_cross_bottleneck
D:9:      layout_loops_ring, david_lair_shrubbed, special_room
          [special_room_bee], minmay_misc_feat_tiny, uniq_amaemon
D:10:     layout_basic, hiddenorc1_lemuel, uniq_maurice
D:11:     minmay_the_grid_triangle_9x9_rhombus_thin
          [minmay_the_grid_triangle_9x9_sparse_checkered,
          minmay_the_grid_triangle_9x9_prize_top_heavy,
          minmay_the_grid_triangle_9x9_impossible_snake,
          minmay_the_grid_triangle_9x9_tough_junction], layout_basic
D:12:     layout_layer_cave, uniq_nergalle
Temple:   hellmonk_temple_rainy
Lair:1:   layout_regular_city, cheibrodos_lair_caveside_slide,
          lemuel_centaur_altar, uniq_fannar
Lair:2:   layout_hall_layers, spider_nest_entry_funnel_web, ebering_ghost_xom,
          infiniplex_staircase_pool_2
Lair:3:   layout_gridlike, gammafunk_ghost_ooze
Lair:4:   nzn_winding_woodlands_three_and_one
          [nzn_winding_woodlands_5x15_longhouse,
          nzn_winding_woodlands_5x15_zeroes,
          nzn_winding_woodlands_5x15_sidewinder,
          nzn_winding_woodlands_center_garden], layout_hall_layers,
          elwin_shoals_entry_stream, enter_volcano_4
Volcano:  pf_volcano_lost_world

Skill      XL: |  1  2  3  4  5  6  7  8  9 10 11 12 13 14 |
---------------+-------------------------------------------+-----
Fighting       | 2 3 4 5 10 | 10.0
Maces & Flails | 2 5 7 11 14 | 14.0
Invocations    | 1 2 |  2.0
Evocations     | 5 6 |  6.2
Armour         | 1 7 10 | 10.0
Dodging        | 3 8 10 | 10.0
Conjurations   | 4 5 |  5.6
Fire Magic     | 4 5 |  5.6
Throwing       | 5 16 17 | 17.0
Unarmed Combat | |  3.6
Spellcasting   | |  2.6
Transmutations | |  2.6

Action                   |  1- 3 |  4- 6 |  7- 9 | 10-12 | 13-15 || total
-------------------------+-------+-------+-------+-------+-------++-------
Melee: Unarmed           |    52 |    44 |       |       |       ||    96
       Kick              |    11 |    12 |       |       |       ||    23
       Headbutt          |    10 |     5 |       |       |       ||    15
       Flail             |       |    20 |       |   585 |   427 ||  1032
       Punch             |       |     2 |     5 |    18 |    21 ||    46
       Club              |       |    61 |   294 |     3 |       ||   358
Throw: Dart              |       |       |       |     5 |     1 ||     6
       Boomerang         |       |       |       |       |    21 ||    21
 Cast: Beastly Appendage |    11 |     5 |       |       |       ||    16
       Wereblood         |       |     1 |       |       |       ||     1
       Sticky Flame      |       |       |       |       |     3 ||     3
Invok: Purification      |       |       |     3 |    10 |     3 ||    16
       Heal Other        |       |       |       |     2 |       ||     2
       Heal Self         |       |       |       |     5 |    10 ||    15
Evoke: Wand              |       |       |       |    12 |     9 ||    21
       Tin of tremorston |       |       |       |     2 |     3 ||     5
  Use: Scroll            |       |     6 |     5 |    10 |     5 ||    26
       Potion            |       |       |     3 |     1 |     2 ||     6
 Stab: Distracted        |       |     1 |     3 |       |       ||     4
Armor: Robe              |    24 |    28 |    22 |       |       ||    74
       Troll leather arm |       |       |    79 |   182 |   174 ||   435
Dodge: Dodged            |    47 |    69 |   146 |   310 |   362 ||   934

Table legend: (Time is in decaauts)
 A = Elapsed time spent in this place.
 B = Non-inter-level travel time spent in this place.
 C = Inter-level travel time spent in this place.
 D = Time resting spent in this place.
 E = Time spent auto-exploring this place.
 F = Levels seen in this place.
 G = Mean time per level.
                   A        B        C        D        E       F      G
               +--------+--------+--------+--------+--------+-----+--------+
         Total |  10764 |   9820 |    944 |    576 |   5705 |  19 |  566.5 |
       Dungeon |   8261 |   7358 |    903 |    446 |   4388 |  12 |  688.4 |
        Temple |     23 |     12 |     11 |      0 |      9 |   1 |   23.0 |
          Lair |   2268 |   2238 |     30 |    118 |   1268 |   4 |  567.0 |
         Sewer |     95 |     95 |      0 |      0 |     13 |   1 |   95.0 |
       Volcano |    114 |    114 |      0 |     12 |     26 |   1 |  114.0 |
               +--------+--------+--------+--------+--------+-----+--------+

Top non-repeatable levels by time:
     D:9: 1063 daAuts
     D:4: 1012 daAuts
     D:2: 973 daAuts
    D:11: 899 daAuts
  Lair:3: 870 daAuts
    D:10: 833 daAuts
  Lair:1: 752 daAuts
     D:7: 693 daAuts
     D:5: 668 daAuts
     D:1: 652 daAuts
     D:8: 553 daAuts
  Lair:2: 551 daAuts
     D:6: 533 daAuts
     D:3: 378 daAuts
 Volcano: 114 daAuts
